 Dungeon Crawl Stone Soup version 0.17.0-56-gd8de76c (webtiles) character file.

3337 Elvalys the Unseen (level 9, -2/41 HPs)
             Began as a Spriggan Assassin on Dec 5, 2015.
             Killed from afar by an orc wizard (11 damage)
             ... with a magic dart
             ... on level 8 of the Dungeon.
             The game lasted 01:01:51 (9692 turns).

Elvalys the Unseen (Spriggan Assassin)              Turns: 9692, Time: 01:01:51

Health: -2/41      AC:  4    Str:  7    XL:     9   Next: 72%
Magic:  15/15      EV: 25    Int: 12    God:
Gold:   477        SH:  0    Dex: 21    Spells: 1 memorised, 14 levels left

rFire  + . .     SeeInvis +     x - +3 dagger (venom)
rCold  x . .     Clarity  .     c - +0 robe
rNeg   . . .     SustAt   .     (shield restricted)
rPois  .         Gourm    .     (helmet restricted)
rElec  .         Spirit   .     d - +1 cloak
rCorr  .         Warding  .     (gloves unavailable)
rMut   .         Stasis   .     (boots unavailable)
MR     +....                    (no amulet)
Stlth  ++++++++..               l - ring of stealth
                                i - ring of fire

@: very quick, somewhat resistant to hostile enchantments, extraordinarily
stealthy
A: unfitting armour, see invisible, herbivore 3, speed 3, slow metabolism 2
a: no special abilities


You were on level 8 of the Dungeon.
You were not hungry.

You visited 2 branches of the dungeon, and saw 9 of its levels.
You also visited: Ossuary.

You collected 477 gold pieces.

Inventory:

Hand Weapons
 a - a +2 dagger
 b - a +0 blowgun
 m - a +2 dagger of speed
 x - a +3 dagger of venom (weapon)
 W - a cursed +0 rapier
Missiles
 e - 38 poisoned needles
 f - 2 curare-tipped needles
 G - a throwing net
 Q - 3 tomahawks (quivered)
Armour
 c - a +0 robe (worn)
 d - a +1 cloak (worn)
Jewellery
 i - a ring of fire (left hand)
 l - a ring of stealth (right hand)
 M - an uncursed ring of teleportation
Wands
 z - a wand of random effects (32)
 H - a wand of flame (3)
 J - a wand of fireball (5)
 L - a wand of draining (5)
 R - a wand of slowing (36)
 U - a wand of random effects (4)
 V - a wand of lightning (2)
 X - a wand of fire (6)
Scrolls
 j - a scroll of magic mapping {unknown}
 n - 3 scrolls of remove curse
 q - 2 scrolls of enchant armour
 r - 3 scrolls of identify
 P - a scroll of blinking {unknown}
 S - a scroll of teleportation {unknown}
 Y - a scroll of silence {unknown}
Potions
 h - a potion of resistance {unknown}
 k - 3 potions of heal wounds
 o - a potion of poison {unknown}
 s - a potion of curing {unknown}
 t - a potion of magic {unknown}
 B - a potion of cure mutation {unknown}
 C - 2 potions of flight {unknown}
 D - 2 potions of haste
 F - a potion of agility {unknown}
 I - 2 potions of ambrosia {unknown}
 N - a potion of degeneration {unknown}
Books
 K - a book of Battle

   Spells                             Type                      Level
   a - Infusion                       Charms                       1
   b - Shroud of Golubria             Charms/Translocation         2
   c - Song of Slaying                Charms                       2
   d - Spectral Weapon                Hexes/Charms                 3
   e - Regeneration                   Charms/Necromancy            3
Comestibles
 g - 4 bread rations
 T - 4 fruits


   Skills:
 - Level 1.5 Fighting
 - Level 4.3 Short Blades
 - Level 4.6 Throwing
 - Level 8.0 Dodging
 + Level 15.8 Stealth
 + Level 3.8 Spellcasting
 + Level 4.6 Charms
 - Level 0.6 Evocations


You had 14 spell levels left.
You knew the following spells:

 Your Spells              Type           Power        Failure   Level  Hunger
a - Infusion              Chrm           ##....       3%          1    #......


Dungeon Overview and Level Annotations

Branches:
Dungeon (8/15)             Temple (1/1) D:4
   Lair: D:8-11

Altars:
Ashenzari
Cheibriados
Elyvilon
Fedhas
Gozag
Kikubaaqudgha
Makhleb
Nemelex Xobeh
Okawaru
Qazlal
Ru
Trog
Vehumet
Xom
Yredelemnul
Zin
The Shining One

Shops:
D:4 (   D:6 (   D:7 =


Innate Abilities, Weirdness & Mutations

You are tiny and cannot use many weapons and most armour.
You have supernaturally acute eyesight.
You are a herbivore.
You cover ground extremely quickly.
You need consume almost no food.


Message History

The crocodile closely misses you.
It begins to drip with poison!
x - a +3 dagger of venom (weapon)
You hit the crocodile.
The crocodile looks even sicker.
The crocodile is moderately wounded.
You hit the crocodile but do no damage.
The crocodile is heavily wounded.
The crocodile bites you!
You hit the crocodile but do no damage.
The crocodile is severely wounded.
The crocodile bites you!
* * * LOW HITPOINT WARNING * * *
You closely miss the crocodile.
The crocodile is severely wounded.
The crocodile misses you.
Things that are here:
a dagger; a robe; a poisoned needle The orc wizard casts a spell at you.
The magic dart hits you!
You die...

.####..# .##(### ..# .# ...
##.((# y## .# #. ###.# ##
#.####### # #.##....# ####y #
#t##....##.... #..#....#..#
##)#......# .# #.@....### .#
#.####o...# .### #...##.(..# ..#
#....#....# .o..### #.#
#.......(######...o...
##%##########...###((.)o.o.......
........................#o.......
##########......#######..........
####.....# ##........


You could see a crocodile and an orc wizard.

Vanquished Creatures
  Pikel (D:7)
  Sigmund (D:3)
  3 orc warriors (D:6)
  An ice beast (D:5)
  A sky beast (D:7)
  2 slaves (D:7)
  A centaur (D:6)
  3 phantoms
  4 ogres
  A gnoll sergeant (D:6)
  3 giant frogs (D:6)
  A scorpion (D:7)
  A water moccasin skeleton (D:6)
  2 crimson imps
  2 jellies (D:8)
  6 orc priests
  A hound (D:5)
  An iguana (D:4)
  8 orc wizards
  5 worker ants
  10 big kobold zombies (Ossuary)
  A worker ant zombie (D:5)
  2 mummies
  Robin (D:3)
  5 gnolls (D:6)
  7 adders
  2 oozes
  2 adder skeletons
  2 worms
  2 giant geckos
  23 orcs
  4 spectral bats (Ossuary)
  A ball python (D:4)
  3 giant cockroaches
  2 gnoll zombies (Ossuary)
  7 hobgoblins
  2 quokkas
  8 bats
  3 bat simulacra (Ossuary)
  2 giant gecko skeletons
  4 giant newts
  20 goblins
  2 goblin simulacra (Ossuary)
  3 goblin zombies (Ossuary)
  5 hobgoblin zombies
  6 kobolds
  3 kobold simulacra (Ossuary)
  8 kobold zombies
  4 orc zombies (Ossuary)
  A quokka skeleton (D:4)
  A quokka zombie (D:5)
  5 rats
  2 rat simulacra (Ossuary)
  2 spectral goblins (Ossuary)
  3 spectral kobolds (Ossuary)
  4 spectral rats (Ossuary)
  A butterfly (D:7)
211 creatures vanquished.

Notes
Turn   | Place    | Note
--------------------------------------------------------------
     0 | D:1      | Elvalys the Spriggan Assassin began the quest for the Orb.
     0 | D:1      | Reached XP level 1. HP: 10/10 MP: 2/2
    82 | D:1      | Reached skill level 6 in Stealth
   275 | D:1      | Reached XP level 2. HP: 11/14 MP: 3/3
  1533 | D:2      | Reached XP level 3. HP: 18/18 MP: 4/4
  1758 | D:2      | Found a snail-covered altar of Cheibriados.
  1833 | D:2      | Found a shattered altar of Ashenzari.
  2218 | D:3      | Reached XP level 4. HP: 22/22 MP: 5/5
  2413 | D:3      | Noticed Sigmund
  2419 | D:3      | Killed Sigmund
  2419 | D:3      | Reached skill level 5 in Dodging
  2419 | D:3      | Reached skill level 7 in Stealth
  2419 | D:3      | Reached XP level 5. HP: 25/25 MP: 6/6
  2514 | D:3      | Noticed Robin
  2619 | D:3      | Killed Robin
  2722 | D:3      | Reached XP level 6. HP: 22/30 MP: 7/7
  2936 | D:4      | Found a sacrificial altar of Ru.
  3017 | D:4      | Found a sand-covered staircase.
  3345 | Ossuary  | Entered an ossuary
  3739 | Ossuary  | Reached XP level 7. HP: 25/33 MP: 8/8
  3885 | Ossuary  | Reached skill level 8 in Stealth
  4550 | D:4      | Found Jucvi's Weapon Shoppe.
  4772 | D:4      | Reached skill level 9 in Stealth
  4779 | D:4      | Found a staircase to the Ecumenical Temple.
  4792 | Temple   | Entered the Ecumenical Temple
  5392 | D:5      | Entered Level 5 of the Dungeon
  5392 | D:5      | Found a shimmering altar of Xom.
  5446 | D:5      | Found an ancient bone altar of Kikubaaqudgha.
  5647 | D:5      | Reached skill level 10 in Stealth
  5647 | D:5      | Reached XP level 8. HP: 37/37 MP: 9/9
  5653 | D:5      | Learned a level 1 spell: Infusion
  5882 | D:5      | Reached skill level 1 in Spellcasting
  5882 | D:5      | Reached skill level 1 in Charms
  6137 | D:6      | Found Mupsomaa's Weapon Shop.
  6370 | D:6      | Reached skill level 11 in Stealth
  7067 | D:6      | Reached skill level 12 in Stealth
  7359 | D:6      | Reached XP level 9. HP: 41/41 MP: 11/15
  7818 | D:6      | Reached skill level 13 in Stealth
  8104 | D:7      | Found a shimmering altar of Xom.
  8655 | D:7      | Found Uciwus's Jewellery Shop.
  8819 | D:7      | Noticed Pikel
  8857 | D:7      | Killed Pikel
  8857 | D:7      | Reached skill level 14 in Stealth
  9104 | D:7      | Found a stormy altar of Qazlal.
  9246 | D:8      | Reached skill level 15 in Stealth
  9346 | D:8      | Found a sparkling altar of Nemelex Xobeh.
  9692 | D:8      | Killed from afar by an orc wizard

Action                   |  1- 3 |  4- 6 |  7- 9 || total
-------------------------+-------+-------+-------++-------
Melee: Dagger            |    73 |   172 |   450 ||   695
 Fire: Blowgun           |    29 |    13 |   138 ||   180
Throw: Throwing net      |       |       |     1 ||     1
       Tomahawk          |       |       |     3 ||     3
 Cast: Infusion          |       |       |     2 ||     2
Evoke: Wand              |       |       |     4 ||     4
  Use: Scroll            |       |       |     9 ||     9
       Potion            |       |       |     1 ||     1
 Stab: Sleeping          |    10 |    14 |    39 ||    63
       Distracted        |     1 |       |     3 ||     4
  Eat: Bread ration      |       |     1 |       ||     1
       Fruit             |       |       |     1 ||     1
